ORI
CALIFORNIA STATE UNIVERSITY AT FULLERTON TITANS @ UNIVERSITY OF GEORGIA BULLDOGS
08/13/2048
 
TOP OF THE 1ST
California State University at Fullerton Titans batting - Pitching for University of Georgia Bulldogs : RHP Rich Gold
Pitching: RHP Rich Gold
Batting: RHB Jamie Blankenship 0-0: Ball
1-0: Foul Ball, location: 2F
1-1: Foul Ball, location: 2F
1-2: Strikes out swinging
Batting: LHB Jim Snell 0-0: Ball
1-0: Foul Ball, location: 2F
1-1: Ball
2-1: Ball
3-1: Fly out, F7 (Flyball, 7, EV 93.1 MPH)
Batting: RHB Simon Sultzbach 0-0: Called Strike
0-1: Foul Ball, location: 2F
0-2: Strikes out swinging
Top of the 1st over - 0 runs, 0 hits, 0 errors, 0 left on base; California State University at Fullerton 0 - University of Georgia 0
BOTTOM OF THE 1ST
University of Georgia Bulldogs batting - Pitching for California State University at Fullerton Titans : RHP Marco Alvarado
Pitching: RHP Marco Alvarado
Batting: RHB Murilo Cunha 0-0: Ball
1-0: Fly out, F5 (Popup, P, EV 90.6 MPH)
Batting: RHB Nate McCormick 0-0: Ball
1-0: Swinging Strike
1-1: Ball
2-1: Ground out 5-3 (Groundball, 5L, EV 84.4 MPH)
Batting: LHB Lu-fang Dou 0-0: Called Strike
0-1: Ball
1-1: Swinging Strike
1-2: Ball
2-2: Strikes out swinging
Bottom of the 1st over - 0 runs, 0 hits, 0 errors, 0 left on base; California State University at Fullerton 0 - University of Georgia 0
TOP OF THE 2ND
California State University at Fullerton Titans batting - Pitching for University of Georgia Bulldogs : RHP Rich Gold
Batting: LHB Efrain Gonzalez 0-0: Ball
1-0: Called Strike
1-1: Fly out, F7 (Flyball, 78M, EV 96.2 MPH)
Batting: SHB John Loechel 0-0: Foul Ball, location: 2F
0-1: Ball
1-1: Ground out 4-3 (Groundball, 34D, EV 104.4 MPH)
Batting: RHB Sergio Cervantes 0-0: Ground out 4-3 (Groundball, 4, EV 83.8 MPH)
Top of the 2nd over - 0 runs, 0 hits, 0 errors, 0 left on base; California State University at Fullerton 0 - University of Georgia 0
BOTTOM OF THE 2ND
University of Georgia Bulldogs batting - Pitching for California State University at Fullerton Titans : RHP Marco Alvarado
Batting: RHB Charlie Davison 0-0: SINGLE (Line Drive, 8LS, EV 108.1 MPH)
Batting: LHB Dennis Klein 0-0: Swinging Strike
0-1: Swinging Strike
0-2: Ball
1-2: Ball
2-2: Foul Ball, location: 2F
2-2: Ball
3-2: SINGLE (Line Drive, 9LS, EV 100.6 MPH)
Charlie Davison to second
Batting: LHB Sloan Rayner 0-0: Called Strike
0-1: Swinging Strike
0-2: Ball
1-2: Strikes out swinging
Batting: RHB Javier Alcorta 0-0: Swinging Strike
0-1: Foul Ball, location: 2F
0-2: Ball
1-2: Ball
2-2: Strikes out swinging
Batting: RHB James Warby 0-0: Ball
1-0: Foul Ball, location: 2F
1-1: Ball
2-1: Called Strike
2-2: Ball
3-2: Strikes out looking
Bottom of the 2nd over - 0 runs, 2 hits, 0 errors, 2 left on base; California State University at Fullerton 0 - University of Georgia 0
TOP OF THE 3RD
California State University at Fullerton Titans batting - Pitching for University of Georgia Bulldogs : RHP Rich Gold
Batting: RHB Jeremy Evans 0-0: Swinging Strike
0-1: Ball
1-1: Swinging Strike
1-2: Strikes out swinging
Batting: RHB Felipe Lara 0-0: Ground out 6-3 (Groundball, 6M, EV 80.6 MPH)
Batting: LHB Yong-chul Ou 0-0: Called Strike
0-1: Ball
1-1: Ball
2-1: Foul Ball, location: 2F
2-2: Foul Ball, location: 2F
2-2: Strikes out swinging
Top of the 3rd over - 0 runs, 0 hits, 0 errors, 0 left on base; California State University at Fullerton 0 - University of Georgia 0
BOTTOM OF THE 3RD
University of Georgia Bulldogs batting - Pitching for California State University at Fullerton Titans : RHP Marco Alvarado
Batting: RHB Jeff Wornick 0-0: Foul Ball, location: 2F
0-1: Foul Ball, location: 2F
0-2: Ball
1-2: SINGLE (Groundball, 56S, EV 62.5 MPH) (infield hit)
Batting: RHB Murilo Cunha 0-0: Called Strike
0-1: Ball
1-1: Foul Ball, location: 2F
1-2: Ball
2-2: Foul Ball, location: 2F
2-2: Strikes out looking
Batting: RHB Nate McCormick 0-0: Foul Ball, location: 2F
0-1: Fly out, F8 (Flyball, 8LD, EV 96.2 MPH)
Batting: LHB Lu-fang Dou 0-0: Foul Ball, location: 2F
0-1: Foul Ball, location: 2F
0-2: Strikes out swinging
Bottom of the 3rd over - 0 runs, 1 hit, 0 errors, 1 left on base; California State University at Fullerton 0 - University of Georgia 0
TOP OF THE 4TH
California State University at Fullerton Titans batting - Pitching for University of Georgia Bulldogs : RHP Rich Gold
Batting: RHB Jamie Blankenship 0-0: Called Strike
0-1: Ball
1-1: Ball
2-1: Ground out 1-3 (Groundball, 13, EV 75.6 MPH)
Batting: LHB Jim Snell 0-0: DOUBLE (Flyball, 8LXD, EV 101.2 MPH)
Batting: RHB Simon Sultzbach 0-0: Ball
Jim Snell steals 3rd base
1-0: Called Strike
1-1: Ball
2-1: Ball
3-1: Foul Ball, location: 2F
3-2: Fly out, F8 (Flyball, 89D, EV 85.6 MPH)
Runner from 3rd tags up, OUT at HOME! 8-2
Top of the 4th over - 0 runs, 1 hit, 0 errors, 0 left on base; California State University at Fullerton 0 - University of Georgia 0
BOTTOM OF THE 4TH
University of Georgia Bulldogs batting - Pitching for California State University at Fullerton Titans : RHP Marco Alvarado
Batting: RHB Charlie Davison 0-0: Foul Ball, location: 2F
0-1: Ball
1-1: Called Strike
1-2: Strikes out swinging
Batting: LHB Dennis Klein 0-0: Ground out 5-3 (Groundball, 5, EV 83.8 MPH)
Batting: LHB Sloan Rayner 0-0: Ball
1-0: Foul Ball, location: 2F
1-1: Ball
2-1: Ball
3-1: Foul Ball, location: 2F
3-2: Fly out, F8 (Flyball, 78M, EV 86.9 MPH)
Bottom of the 4th over - 0 runs, 0 hits, 0 errors, 0 left on base; California State University at Fullerton 0 - University of Georgia 0
TOP OF THE 5TH
California State University at Fullerton Titans batting - Pitching for University of Georgia Bulldogs : RHP Rich Gold
Now at 1B: Cole Sanchez
Now in LF: Bryan Ross
Now in RF: Kyle Sanders
Batting: LHB Efrain Gonzalez 0-0: Ball
1-0: Ball
2-0: Ground out 4-3 (Groundball, 4, EV 90.0 MPH)
Batting: SHB John Loechel 0-0: Swinging Strike
0-1: Ball
1-1: Ground out 3-1 (Groundball, 34, EV 91.2 MPH)
Batting: RHB Sergio Cervantes 0-0: Called Strike
0-1: Foul Ball, location: 2F
0-2: Ball
1-2: SINGLE (Line Drive, 8LS, EV 89.4 MPH)
Batting: RHB Jeremy Evans 0-0: Ball
1-0: Ground out 5-3 (Groundball, 56S, EV 71.9 MPH)
Top of the 5th over - 0 runs, 1 hit, 0 errors, 1 left on base; California State University at Fullerton 0 - University of Georgia 0
BOTTOM OF THE 5TH
University of Georgia Bulldogs batting - Pitching for California State University at Fullerton Titans : RHP Marco Alvarado
Pitching: RHP Tyler Van der Lugt
Now in LF: Jeremy May
Now in RF: Steve Lane
Batting: RHB Javier Alcorta 0-0: Ball
1-0: Ball
2-0: Fly out, F7 (Flyball, 78S, EV 85.0 MPH)
Batting: RHB James Warby 0-0: Called Strike
0-1: Ball
1-1: Ball
2-1: Called Strike
2-2: Foul Ball, location: 2F
2-2: SOLO HOME RUN (Flyball, 7LD, EV 100.0 MPH), Distance : 371 ft
Batting: RHB Jeff Wornick 0-0: Called Strike
0-1: Ball
1-1: Ball
2-1: Ground out 6-3 (Groundball, 6, EV 80.6 MPH)
Pinch Hitting: LHB Edwin Zavala 0-0: Ball
1-0: Foul Ball, location: 2F
1-1: Called Strike
1-2: Ball
2-2: Strikes out swinging
Bottom of the 5th over - 1 run, 1 hit, 0 errors, 0 left on base; California State University at Fullerton 0 - University of Georgia 1
TOP OF THE 6TH
California State University at Fullerton Titans batting - Pitching for University of Georgia Bulldogs : RHP Rich Gold
Now at 3B: Luis Mejia
Now in CF: Salvatore Jaime
Batting: RHB Felipe Lara 0-0: Called Strike
0-1: Ball
1-1: Fly out, F9 (Flyball, 9, EV 77.5 MPH)
Batting: LHB Yong-chul Ou 0-0: Fly out, F3 (Line Drive, 3L, EV 72.5 MPH)
Batting: LHB Steve Lane 0-0: Called Strike
0-1: Called Strike
0-2: Ball
1-2: Strikes out swinging
Top of the 6th over - 0 runs, 0 hits, 0 errors, 0 left on base; California State University at Fullerton 0 - University of Georgia 1
BOTTOM OF THE 6TH
University of Georgia Bulldogs batting - Pitching for California State University at Fullerton Titans : RHP Tyler Van der Lugt
Now at C: Jim Cahan
Batting: LHB Luis Mejia 0-0: Called Strike
0-1: Ball
1-1: Ball
2-1: Foul Ball, location: 2F
2-2: Ball
3-2: SOLO HOME RUN (Flyball, 9D, EV 97.5 MPH), Distance : 372 ft
Batting: LHB Cole Sanchez 0-0: Ball
1-0: Foul Ball, location: 2F
1-1: Swinging Strike
1-2: Ball
2-2: Ground out U3 (Groundball, 34, EV 95.6 MPH)
Batting: LHB Bryan Ross 0-0: Ball
1-0: Ball
2-0: Ground out 4-3 (Groundball, 4, EV 98.1 MPH)
Batting: LHB Milton Yeo 0-0: Foul Ball, location: 2F
0-1: Foul Ball, location: 2F
0-2: Ball
1-2: Foul Ball, location: 2F
1-2: Ball
2-2: Foul Ball, location: 2F
2-2: SINGLE (Groundball, 34D, EV 103.8 MPH)
Batting: LHB Kyle Sanders 0-0: Ball
1-0: Called Strike
1-1: Ball
2-1: Ground out 4-3 (Groundball, 4, EV 107.5 MPH)
Bottom of the 6th over - 1 run, 2 hits, 0 errors, 1 left on base; California State University at Fullerton 0 - University of Georgia 2
TOP OF THE 7TH
California State University at Fullerton Titans batting - Pitching for University of Georgia Bulldogs : RHP Rich Gold
Pinch Hitting: RHB Alex Freyre 0-0: Ball
1-0: Called Strike
1-1: Called Strike
1-2: Foul Ball, location: 2F
1-2: Ball
2-2: Fly out, F5 (Line Drive, 56, EV 70.0 MPH)
Batting: LHB Alberto Aguilar 0-0: Called Strike
0-1: Ball
1-1: Ball
2-1: Ball
3-1: Called Strike
3-2: Ground out 5-3 (Groundball, 56S, EV 81.2 MPH)
Batting: LHB Jeremy May 0-0: Ball
1-0: Ball
2-0: SINGLE (Line Drive, 6M, EV 107.5 MPH)
Pitching: RHP Bi`nh Heng
Batting: RHB Jim Cahan 0-0: Fly out, F3 (Popup, 3S, EV 80.6 MPH)
Top of the 7th over - 0 runs, 1 hit, 0 errors, 1 left on base; California State University at Fullerton 0 - University of Georgia 2
BOTTOM OF THE 7TH
University of Georgia Bulldogs batting - Pitching for California State University at Fullerton Titans : RHP Tyler Van der Lugt
Pitching: RHP John Woods
Now in CF: Alex Freyre
Batting: RHB Javier Alcorta 0-0: Ball
1-0: Called Strike
1-1: Ground out 4-3 (Groundball, 4S, EV 91.9 MPH)
Pinch Hitting: RHB Justin Szymczyk 0-0: Ball
1-0: SINGLE (Groundball, 6M, EV 95.0 MPH)
Pinch Hitting: RHB Albert Rodriguez 0-0: Called Strike
0-1: Ball
1-1: Called Strike
1-2: Strikes out swinging
Batting: RHB Salvatore Jaime 0-0: Ball
1-0: Ball
Justin Szymczyk steals 2nd base
2-0: Swinging Strike
2-1: Ground out 6-3 (Groundball, 6, EV 100.6 MPH)
Bottom of the 7th over - 0 runs, 1 hit, 0 errors, 1 left on base; California State University at Fullerton 0 - University of Georgia 2
TOP OF THE 8TH
California State University at Fullerton Titans batting - Pitching for University of Georgia Bulldogs : RHP Bi`nh Heng
Now at 2B: Albert Rodriguez
Now at SS: Justin Szymczyk
Pinch Hitting: RHB Zach Warwick 0-0: Called Strike
0-1: Ball
1-1: Swinging Strike
1-2: Strikes out swinging
Pinch Hitting: LHB Mike Fernandez 0-0: Called Strike
0-1: Swinging Strike
0-2: Reached on error, E1 (Groundball, 15S, EV 69.4 MPH)
Pinch Hitting: RHB Alex Rivas 0-0: Swinging Strike
0-1: Ball
1-1: Swinging Strike
1-2: Strikes out looking
Pinch Hitting: SHB Jonathan Jacob 0-0: Ball
1-0: Ground out 5-3 (Groundball, 56, EV 81.2 MPH)
Top of the 8th over - 0 runs, 0 hits, 1 error, 1 left on base; California State University at Fullerton 0 - University of Georgia 2
BOTTOM OF THE 8TH
University of Georgia Bulldogs batting - Pitching for California State University at Fullerton Titans : RHP John Woods
Now at 1B: Jonathan Jacob
Now at 2B: Alex Rivas
Now at 3B: Mike Fernandez
Now at SS: Zach Warwick
Batting: LHB Luis Mejia 0-0: Called Strike
0-1: Foul Ball, location: 2F
0-2: Strikes out swinging
Batting: LHB Cole Sanchez 0-0: Foul Ball, location: 2F
0-1: Ball
1-1: Foul Ball, location: 2F
1-2: Strikes out looking
Batting: LHB Bryan Ross 0-0: Foul Ball, location: 2F
0-1: Ground out 4-3 (Groundball, 4S, EV 81.9 MPH)
Bottom of the 8th over - 0 runs, 0 hits, 0 errors, 0 left on base; California State University at Fullerton 0 - University of Georgia 2
TOP OF THE 9TH
California State University at Fullerton Titans batting - Pitching for University of Georgia Bulldogs : RHP Bi`nh Heng
Pitching: LHP Danny Montoya
Pinch Hitting: RHB Angelo Ramos 0-0: Swinging Strike
0-1: Ball
1-1: Foul Ball, location: 2F
1-2: Ball
2-2: Strikes out swinging
Pinch Hitting: SHB Eric Delikat 0-0: Ball
1-0: Foul Ball, location: 2F
1-1: Called Strike
1-2: Strikes out swinging
Batting: LHB Alberto Aguilar 0-0: Ground out 5-3 (Groundball, 5L, EV 107.5 MPH)
Top of the 9th over - 0 runs, 0 hits, 0 errors, 0 left on base; California State University at Fullerton 0 - University of Georgia 2
Tuesday, March 28th , 2023 - OOTP Baseball 23.10 Build 110